Map: Nightshade LE

Players

ViBE - Winner!

  • Race: Terran Terran
  • League: Bronze
  • Spawn Location: 5:00

Zenphyto

  • Race: Terran Terran
  • League: Silver
  • Spawn Location: 11:00

VOD

https://www.youtube.com/watch?v=kuS_PgtyAP8&list=PLFeZeom2b4DmHduNHeFj-6PfoasuSQn3P&index=2

Description

Time

  • Played on: Dec. 4, 2019, 9:56 p.m.
  • Length: 15:30
Show
View Real Time Build Order
Export as new Build Order

ViBE Terran - Winner!

Build Orders: 2 Factory, Mech 

Get SALT Encoding   

  12  0:00  SCV  
  13  0:13  SCV  
  14  0:21  Supply Depot  
  14  0:26  SCV  
  15  0:43  SCV  
  15  0:45  Barracks  
  15  0:48  Refinery  
  16  0:55  SCV  
  17  1:07  SCV  
  18  1:19  SCV  
  19  1:32  Orbital Command  
  19  1:42  Command Center  
  19  1:58  SCV  
  19  1:59  Factory  
  20  2:04  Supply Depot  
  20  2:06  Refinery  
  20  2:11  SCV  
  21  2:23  SCV  
  22  2:35  SCV  
  23  2:43  Factory Tech Lab  
  23  2:45  Factory  
  23  2:47  SCV  
  24  2:59  SCV  
  24  3:00  Orbital Command  
  24  3:03  Siege Tank  
  28  3:11  SCV  
  29  3:18  Supply Depot  
  29  3:23  SCV  
  30  3:27  SCV  
  30  3:29  Factory Reactor  
  31  3:35  SCV, Siege Tank  
  31  3:38  Command Center  
  31  3:40  SCV  
  36  3:48  SCV  
  37  3:49  Supply Depot  
  37  3:52  SCV  
  38  4:00  SCV  
  39  4:05  SCV  
  39  4:06  Hellion x2  
  39  4:08  Siege Tank  
  47  4:13  SCV  
  47  4:17  SCV  
  49  4:37  SCV x2  
  51  4:41  Siege Tank  
  51  4:45  Armory  
  54  4:49  SCV x2  
  54  4:50  Refinery x2  
  56  4:55  Command Center  
  56  5:01  Engineering Bay, SCV  
  56  5:02  SCV  
  56  5:06  Supply Depot  
  58  5:08  Orbital Command  
  58  5:09  Supply Depot  
  58  5:14  SCV x2  
  60  5:18  Hellion x2  
  64  5:26  SCV x2  
  66  5:30  Missile Turret  
  66  5:35  Missile Turret  
  66  5:37  SCV  
  66  5:38  SCV x2  
  66  5:42  Thor, Hellion  
  77  5:43  Hellion  
  77  5:49  SCV  
  80  5:50  SCV x2  
  80  5:55  Missile Turret  
  82  6:01  SCV  
  82  6:02  SCV x2  
  85  6:04  Terran Vehicle Weapons Level 1  
  85  6:07  Armory  
  85  6:12  Command Center  
  85  6:14  SCV x2  
  85  6:15  SCV  
  88  6:26  Thor, SCV x2  
  88  6:27  SCV, Hellion x2  
  101  6:32  Refinery  
  101  6:33  Refinery  
  101  6:38  SCV x2  
  101  6:39  SCV  
  104  6:41  Supply Depot  
  104  6:42  Supply Depot x2  
  104  6:43  Supply Depot  
  104  6:45  Supply Depot  
  104  6:54  Supply Depot  
  104  6:56  Terran Vehicle And Ship Armor Level 1  
  104  7:00  SCV x3  
  107  7:10  Planetary Fortress  
  107  7:12  SCV x3  
  110  7:17  Thor  
  110  7:18  Hellion x2  
  120  7:30  Factory  
  120  7:31  Factory  
  120  7:32  Factory x2  
  120  7:38  Factory  
  120  7:39  Factory  
  120  7:40  Command Center  
  120  8:01  Terran Vehicle Weapons Level 2  
  120  8:04  SCV x3  
  120  8:05  SCV  
  124  8:23  Factory Tech Lab, Factory Reactor x2  
  124  8:24  Factory Tech Lab x3  
  124  8:30  SCV  
  124  8:31  SCV x3  
  124  8:32  SCV  
  129  8:36  Refinery  
  129  8:37  Thor, Hellion x2  
  129  8:38  Refinery  
  139  8:44  Thor x2  
  139  8:45  Thor  
  139  8:46  Thor  
  163  9:08  Hellion  
  163  9:09  Hellion x2  
  169  9:18  Supply Depot, Command Center  
  169  9:19  Supply Depot  
  169  9:20  Thor  
  175  9:37  Planetary Fortress  
  175  9:45  Neosteel Armor  
  175  9:46  Thor  
  175  9:47  Thor  
  187  9:59  SCV x3  
  190  10:09  Terran Vehicle And Ship Armor Level 2  
  190  10:13  Smart Servos  
  190  10:14  Infernal Pre-Igniter  
  190  10:24  Planetary Fortress  
  190  10:27  Thor  
  190  10:28  Thor x10, Missile Turret  
  190  10:30  Thor  
  190  10:32  Hellion x2  
  200  11:20  Orbital Command  
  200  12:17  Factory  
  200  12:18  Factory  
  200  12:19  Factory  
  200  12:20  Factory  
  200  12:21  Factory  
  200  12:22  Factory  
  200  12:25  Factory  
  191  12:31  Factory  
  191  12:32  Factory  
  191  12:33  Factory  
  191  12:35  Factory  
  174  12:56  Command Center  
  162  13:28  Factory Reactor x2  
  162  13:29  Factory Reactor x2  
  162  13:30  Factory Tech Lab x7  
  162  13:33  Thor x3  
  180  13:34  Thor x2  
  180  13:38  Hellion x3  
  180  13:39  Hellion x3  
  198  13:50  Supply Depot  
  198  13:51  Supply Depot x3  
  198  13:52  Supply Depot  
  198  13:53  Armory  
  197  13:55  Armory  
  197  14:31  Thor  
  195  14:50  SCV x5  
  200  15:04  Refinery x2  
  200  15:12  Barracks, Refinery  
  200  15:17  Refinery  
Show
View Real Time Build Order
Export as new Build Order

Zenphyto Terran 

Build Orders:  

Get SALT Encoding   

  12  0:01  SCV  
  13  0:13  SCV  
  14  0:27  Supply Depot  
  14  0:28  SCV  
  15  0:49  SCV  
  16  0:50  Supply Depot  
  16  0:56  Barracks  
  16  1:04  Supply Depot  
  16  1:09  SCV  
  17  1:14  Refinery  
  17  1:21  SCV  
  18  1:28  Barracks  
  18  1:33  SCV  
  19  1:46  SCV  
  20  1:59  Command Center  
  20  2:01  Barracks Reactor  
  20  2:04  Orbital Command  
  20  2:15  Refinery  
  20  2:23  Supply Depot  
  20  2:24  Barracks Tech Lab  
  20  2:39  SCV  
  21  2:51  SCV  
  21  2:54  Factory  
  21  2:55  Marine x2  
  21  2:56  Marine  
  25  3:04  SCV  
  26  3:11  Engineering Bay  
  26  3:16  SCV  
  26  3:19  Marine  
  27  3:20  Marine x2  
  27  3:26  Orbital Command  
  30  3:36  SCV  
  30  3:39  Supply Depot  
  31  3:44  Marine x3  
  31  3:48  SCV  
  35  3:49  Factory Tech Lab  
  35  4:00  SCV  
  35  4:02  Marine, Starport  
  37  4:04  Engineering Bay  
  37  4:09  SCV  
  38  4:12  SCV  
  39  4:21  SCV, Marine  
  39  4:22  Marine x2  
  43  4:26  Combat Shield  
  43  4:33  SCV  
  43  4:34  Siege Tank  
  43  4:37  SCV  
  48  4:39  Marine  
  49  4:45  SCV  
  49  4:49  SCV  
  49  4:52  Missile Turret  
  51  5:01  SCV  
  51  5:05  Missile Turret, Starport Reactor  
  52  5:15  Missile Turret  
  52  5:16  Missile Turret  
  52  5:24  Terran Infantry Weapons Level 1  
  52  5:26  Hi-Sec Auto Tracking  
  52  5:28  Missile Turret  
  52  5:38  Supply Depot, Siege Tank  
  55  5:45  Stimpack  
  55  5:47  Sensor Tower  
  55  6:00  Missile Turret  
  55  6:12  Marine x3  
  58  6:19  Missile Turret  
  58  6:24  Missile Turret  
  58  6:26  Siege Tank  
  58  6:28  Supply Depot  
  58  6:30  SCV, Marine x3  
  65  6:42  SCV  
  65  6:43  Refinery  
  66  6:48  Marine, Refinery  
  66  6:49  SCV  
  68  6:55  SCV  
  68  6:59  Missile Turret  
  68  7:01  SCV, Marine x2  
  70  7:06  Marine  
  70  7:07  SCV  
  74  7:11  Medivac x2  
  78  7:27  Missile Turret  
  78  7:38  Command Center  
  78  7:44  Barracks  
  78  7:45  Supply Depot  
  78  7:47  Missile Turret  
  78  7:51  Terran Infantry Armor Level 1, Supply Depot  
  78  7:55  Neosteel Armor, Supply Depot  
  78  8:04  Sensor Tower  
  78  8:06  Medivac, Marine x3  
  78  8:07  SCV x2  
  78  8:08  Missile Turret  
  85  8:16  Medivac  
  85  8:19  SCV  
  88  8:21  SCV  
  88  8:24  Marine x3  
  92  8:28  Missile Turret  
  92  8:31  SCV  
  92  8:32  Barracks  
  92  8:33  SCV  
  94  8:36  Liberator  
  94  8:42  Siege Tank, Marine x2  
  94  8:45  SCV  
  102  8:50  Missile Turret  
  103  8:57  SCV, Supply Depot  
  103  9:00  Supply Depot, Marine  
  105  9:22  Armory  
  105  9:24  Missile Turret  
  105  9:34  Fusion Core  
  105  9:43  Missile Turret, SCV  
  106  9:55  SCV  
  106  9:59  Missile Turret  
  107  10:02  Missile Turret  
  107  10:07  SCV  
  108  10:16  Barracks Reactor x2  
  108  10:19  SCV  
  108  10:20  Refinery  
  108  10:21  Orbital Command  
  109  10:23  Missile Turret  
  109  10:24  Missile Turret, Refinery  
  109  10:26  Supply Depot  
  109  10:31  SCV  
  110  10:42  Siege Tank  
  113  10:43  SCV  
  114  10:55  SCV  
  115  11:07  Marine  
  115  11:08  Marine x2  
  118  11:12  Concussive Shells  
  118  11:14  Siege Tank  
  121  11:25  Marine x3  
  124  11:34  Marine x3  
  124  11:35  Marine  
  124  11:37  SCV  
  129  11:43  Marine x3  
  129  11:46  Siege Tank  
  135  11:49  SCV  
  135  11:52  Marine x4  
  135  11:53  Command Center  
  135  11:54  Terran Infantry Weapons Level 2  
  140  11:57  Terran Infantry Armor Level 2  
  140  12:00  Marine  
  141  12:18  Supply Depot  
  141  12:21  Supply Depot  
  141  12:24  Supply Depot  
  141  12:29  Supply Depot  
  138  12:30  SCV  
  135  12:39  Marine x4  
  135  12:40  Siege Tank  
  135  12:42  SCV  
  120  12:54  SCV  
  120  12:57  Marine x4  
  87  13:36  Planetary Fortress  
  76  13:47  Marine x4  
  60  14:04  Marine  
  60  14:05  Marine x3  
  17  14:58  Supply Depot  
  17  15:00  Supply Depot  
  17  15:03  Marine  
  17  15:04  Supply Depot, Marine x2  
  17  15:05  SCV, Marine  
  14  15:17  SCV  
Tags
 
Composition
Mech
Matchup
TvT
Opening
2 Factory
Race
Terran
Spawn Locations
Cross Positions
Add a new tag
Caveats
  • Supply blocks, unpowered buildings, or Contaminate may cause inaccurate times.
  • Supply counts are checked every 10 seconds.